 Dungeon Crawl Stone Soup version 0.24.0-125-gc4c63601f3 (webtiles) character file.

Game seed: 9479733775432881720, levelgen mode: deterministic

58 Divind the Chopper (level 4, 0/40 HPs)
             Began as a Hill Orc Monk on Feb 29, 2020.
             Slain by a gnoll (3 damage)
             ... on level 2 of the Dungeon.
             The game lasted 00:02:38 (855 turns).

Divind the Chopper (Hill Orc Monk)                   Turns: 855, Time: 00:02:40

Health: 0/40       AC:  6    Str: 14    XL:     4   Next: 2%
Magic:  4/4        EV: 12    Int: 10    God:
Gold:   60         SH:  0    Dex: 13    Spells: 3/3 levels left

rFire    . . .     SeeInvis .   a - +0 hand axe
rCold    . . .     Gourm    .   (no shield)
rNeg     . . .     Faith    .   k - +2 leather armour {MR+}
rPois    .         Spirit   .   d - +0 helmet
rElec    .         Reflect  .   (no cloak)
rCorr    .         Harm     .   (no gloves)
MR       +....                  (no boots)
Stlth    ++........             (no amulet)
HPRegen  0.13/turn              (no ring)
MPRegen  0.09/turn              (no ring)

@: no status effects
A: no striking features
a: no special abilities


You were on level 2 of the Dungeon.
You were not hungry.

You visited 1 branch of the dungeon, and saw 2 of its levels.

You collected 60 gold pieces.

Inventory:

Hand Weapons
 a - a +0 hand axe (weapon)
Armour
 b - a +0 robe
 d - a +0 helmet (worn)
 i - a +0 chain mail
 k - a +2 leather armour of magic resistance (worn)
Scrolls
 e - 2 scrolls of immolation {unknown}
 f - a scroll of amnesia {unknown}
 g - a scroll of remove curse {unknown}
 h - 2 scrolls of noise {unknown}
 j - 2 scrolls of random uselessness {unknown}
 m - a scroll of fear {unknown}
 n - a scroll of magic mapping {unknown}
Potions
 l - a potion of flight {unknown}
Comestibles
 c - 4 rations


   Skills:
 + Level 4.2 Fighting
 + Level 5.2 Axes
 * Level 1.5 Armour
 - Level 2.4 Dodging
 + Level 1.7 Stealth


You had 3 spell levels left.
You didn't know any spells.
Your spell library was empty.

Dungeon Overview and Level Annotations

Branches:
Dungeon (2/15)

Altars:


Message History

The gnoll hits you. The hobgoblin completely misses you.
You see here 9 gold pieces.
You hit the hobgoblin.
You kill the hobgoblin!
You hit the gnoll. You barely miss the gnoll. You closely miss the gnoll.
The gnoll hits you with a +0 whip.
A frilled lizard comes into view.
The gnoll hits you with a +0 flail!
* * * LOW HITPOINT WARNING * * *
The gnoll misses you.
The gnoll hits you from afar with a +0 spear.
* * * LOW HITPOINT WARNING * * *
The gnoll throws a stone.
The stone hits you but does no damage. The gnoll barely misses you.
The gnoll hits you with a +0 spear.
* * * LOW HITPOINT WARNING * * *
You see here a hobgoblin corpse.
You closely miss the gnoll.
The frilled lizard hisses angrily.
You hit the gnoll. x2; The gnoll hits you.
You die...

.........#
.........#####
.............## .
..............###.
.................
...............#
#...).gg..)....#
#.@g......#
.##..g(.....#.#
#.........$.##.#
####.......l...#
#.........###
#...>(†...#
##.........##
##...........##
.########...........).#


You could see 4 gnolls and a frilled lizard.

Vanquished Creatures
  An adder (D:2)
  A shadow imp (D:2)
  An ooze (D:1)
  A dart slug (D:1)
  A ball python (D:1)
  5 bats
  3 giant cockroaches (D:1)
  3 goblins (D:1)
  4 hobgoblins
  4 jackals (D:1)
  5 kobolds (D:1)
  2 frilled lizards
  3 rats (D:1)
34 creatures vanquished.

Notes
Turn   | Place    | Note
-------+----------+-------------------------------------------
     0 | D:1      | Divind the Hill Orc Monk began the quest for the Orb.
     0 | D:1      | Reached XP level 1. HP: 19/19 MP: 1/1
    51 | D:1      | Reached XP level 2. HP: 19/27 MP: 2/2
   286 | D:1      | Reached skill level 1 in Armour
   292 | D:1      | Reached XP level 3. HP: 24/33 MP: 3/3
   792 | D:2      | Reached skill level 5 in Axes
   840 | D:2      | Reached XP level 4. HP: 34/40 MP: 4/4
   855 | D:2      | Slain by a gnoll

Levels and vault maps discovered:
D:1:      minmay_arrival_stone_box, layout_loops_ring, minmay_tromino_v2
D:2:      layout_rooms, uniq_sigmund

Skill      XL: |  1  2  3 |
---------------+----------+-----
Fighting       | 4 |  4.2
Armour         | 1 |  1.5
Axes           | 5 |  5.2
Dodging        | |  2.4
Stealth        | |  1.7

Action                   |  1- 3 |  4- 6 || total
-------------------------+-------+-------++-------
Melee: Hand axe          |   112 |     5 ||   117
Armor: Robe              |    11 |       ||    11
       Chain mail        |    52 |       ||    52
       Leather armour    |    20 |     1 ||    21
Dodge: Dodged            |    86 |     8 ||    94
